 Dungeon Crawl Stone Soup version 0.28.0 (webtiles) character file.

Game seed: 13541781088083077983

37 AmazingTV the Grasshopper (level 3, -1/18 HPs)
             Began as a Spriggan Warper on June 23, 2022.
             Slain by a worm (10 damage)
             ... on level 2 of the Dungeon.
             The game lasted 00:06:06 (1383 turns).

AmazingTV the Grasshopper (Spriggan Warper)         Turns: 1383, Time: 00:06:07

Health: -1/18      AC:  2    Str:  7    XL:     3   Next: 23%
Magic:  8/8        EV: 18    Int: 14    God:
Gold:   10         SH:  0    Dex: 16    Spells: 6/8 levels left

rFire   . . .      SeeInvis +   a - +0 short sword
rCold   . . .      Faith    .   (no shield)
rNeg    . . .      Spirit   .   b - +0 robe
rPois   .          Reflect  .   (helmet restricted)
rElec   .          Harm     .   (no cloak)
rCorr   .          Rampage  .   (gloves unavailable)
Will    .....                   (boots unavailable)
Stlth   ++........              (no amulet)
HPRegen 0.06/turn               (no ring)
MPRegen 0.11/turn               (no ring)

@: very quick
A: very small, no large weapons, unfitting armour, see invisible, speed 3
a: no special abilities


You were on level 2 of the Dungeon.
You visited 1 branch of the dungeon, and saw 2 of its levels.

You collected 10 gold pieces.

Inventory:

Hand Weapons
 a - a +0 short sword (weapon)
 i - a +0 dagger of holy wrath
 k - a +0 hunting sling
Missiles
 d - 5 boomerangs of dispersal
 e - 3 boomerangs (quivered)
 h - 53 stones
Armour
 b - a +0 robe (worn)
Jewellery
 l - a ring of resist corrosion
Scrolls
 c - a scroll of blinking
 g - 2 scrolls of immolation {unknown}
 j - a scroll of torment {unknown}
Potions
 f - a potion of heal wounds {unknown}


   Skills:
 + Level 1.8 Fighting
 + Level 2.5 Short Blades
 + Level 1.4 Throwing
 + Level 3.5 Dodging
 + Level 1.3 Stealth
 + Level 3.0 Spellcasting
 + Level 4.7 Translocations


You had 6 spell levels left.
You knew the following spells:

 Your Spells              Type           Power      Damage    Failure   Level
a - Blink                 Tloc           30%        N/A       4%          2

Your spell library contained the following spells:

 Spells                   Type           Power      Damage    Failure   Level
 Gell's Gravitas          Tloc           15%        N/A       9%          3
 Lesser Beckoning         Tloc           15%        N/A       9%          3
 Teleport Other           Tloc           15%        N/A       9%          3
 Portal Projectile        Hex/Tloc       16%        N/A       24%         3
 Call Canine Familiar     Summ           2%         N/A       54%         3
 Manifold Assault         Tloc           15%        N/A       63%         5
 Leda's Liquefaction      Hex/Erth       1%         N/A       91%         4


Dungeon Overview and Level Annotations

Branches:
Dungeon (2/15)

Altars:


Innate Abilities, Weirdness & Mutations

You are very small and have problems with some larger weapons.
You are too small for most types of armour.
You have supernaturally acute eyesight. (SInv)
You cover ground extremely quickly. (Speed+++)


Message History

Press: ? - help, Q - select action, (/) - cycle Shift-Dir - straight line, f/p - worm
Aim: a worm (78% to hit)
You throw a boomerang.
The boomerang hits the worm but does no damage.
Throw: 4 boomerangs
Press: ? - help, Q - select action, (/) - cycle Shift-Dir - straight line, f/p - worm
Aim: a worm (78% to hit)
You throw a boomerang. The boomerang hits the worm.
The worm is lightly wounded.
Throw: 4 boomerangs
Press: ? - help, Q - select action, (/) - cycle Shift-Dir - straight line, f/p - worm
Aim: a worm (lightly wounded, 78% to hit)
You throw a boomerang.
The boomerang hits the worm but does no damage.
The worm is lightly wounded.
Throw: 4 boomerangs
Press: ? - help, Q - select action, (/) - cycle Shift-Dir - straight line, f/p - worm
Aim: a worm (lightly wounded, 78% to hit)
You throw a boomerang. The boomerang hits the worm.
The worm is moderately wounded.
Throw: 4 boomerangs
Press: ? - help, Q - select action, (/) - cycle Shift-Dir - straight line, f/p - worm
Aim: a worm (lightly wounded, 78% to hit)
You throw a boomerang. The boomerang hits the worm.
The worm is heavily wounded.
You barely miss the worm.
The worm is moderately wounded.
You hit the worm.
The worm is heavily wounded.
The worm closely misses you.
You hit the worm.
The worm is severely wounded.
You hit the worm.
The worm is severely wounded.
The worm closely misses you.
You hit the worm.
The worm is severely wounded.
The worm bites you!
Ouch! That really hurt!
You die...

#.#.##.# ##.#.##.#
#......<#
#.##.##.#
#....##.#
#.#####.#
#.......#
#.####### #...@#
####w# #.# #.# #.#
#.# ##### .# #.#
#...
....##.####.#####
.................#


You could see a worm.

Vanquished Creatures
  An adder (D:2)
  A dart slug (D:1)
  5 bats
  An endoplasm (D:1)
  3 goblins (D:1)
  3 hobgoblins (D:1)
  2 quokkas (D:1)
  3 ball pythons
  3 frilled lizards (D:1)
  2 kobolds (D:1)
  2 rats (D:1)
26 creatures vanquished.

Notes
Turn   | Place    | Note
-------+----------+-------------------------------------------
     0 | D:1      | AmazingTV the Spriggan Warper began the quest for the Orb.
     0 | D:1      | Reached XP level 1. HP: 10/10 MP: 5/5
   344 | D:1      | Reached XP level 2. HP: 15/15 MP: 6/6
   478 | D:1      | Reached skill level 1 in Stealth
   995 | D:1      | Found a faded altar of an unknown god.
  1342 | D:2      | Reached XP level 3. HP: 10/18 MP: 8/8
  1353 | D:2      | Learned a level 2 spell: Blink
  1383 | D:2      | Slain by a worm

Illustrated notes

Levels and vault maps discovered:
D:1:      dpeg_arrival_snail, layout_basic, shapermc_ecumenical_altar_venn
D:2:      layout_loops_cross

Skill      XL: |  1  2 |
---------------+-------+-----
Stealth        | 1 |  1.3
Spellcasting   | 3 |  3.0
Fighting       | |  1.8
Short Blades   | |  2.5
Throwing       | |  1.4
Dodging        | |  3.5
Translocations | |  4.7

Action                   || total
-------------------------++-------
Melee: Short sword       ||   106
       Punch             ||     1
Throw: Boomerang         ||     7
 Cast: Blink             ||     1
 Stab: Sleeping          ||     3
Armor: Robe              ||     8
Dodge: Dodged            ||    80
